 Dungeon Crawl Stone Soup version 0.23.2-1-ga50397a6bc (webtiles) character file.

Game seed: 15895338873223822031

348 Foic the Magician (level 6, 0/32 HPs)
             Began as a Deep Elf Summoner on May 29, 2019.
             Was an Initiate of Sif Muna.
             Slain by a sky beast (6 damage)
             ... on level 5 of the Dungeon.
             The game lasted 00:22:04 (4377 turns).

Foic the Magician (Deep Elf Summoner)               Turns: 4377, Time: 00:22:05

Health: 0/32       AC:  3    Str:  3 (5)  XL:     6   Next: 33%
Magic:  18/18      EV: 12    Int: 21 (22) God:    Sif Muna [......]
Gold:   203        SH:  0    Dex: 13 (15) Spells: 6/19 levels left

rFire    + . .     SeeInvis .   (no weapon)
rCold    + . .     Gourm    .   (no shield)
rNeg     . . .     Faith    .   k - +0 leather armour
rPois    .         Spirit   .   (no helmet)
rElec    .         Reflect  .   l - scarf {rC+ rF+}
rCorr    .         Harm     .   (no gloves)
MR       .....                  (no boots)
Stlth    +.........             (no amulet)
HPRegen  0.10/turn              (no ring)
MPRegen  0.16/turn              (no ring)

@: confused
A: no striking features
a: Renounce Religion


You were on level 5 of the Dungeon.
You worshipped Sif Muna.
Sif Muna was noncommittal.
You were near starving.

You visited 2 branches of the dungeon, and saw 6 of its levels.

You collected 203 gold pieces.

Inventory:

Hand Weapons
 h - a +0 dagger
 r - a +1 dagger of draining
Missiles
 d - 139 stones (quivered)
 i - 80 arrows
Armour
 a - a +0 robe
 k - a +0 leather armour (worn)
 l - a scarf of resistance (worn)
Wands
 m - a wand of random effects (20)
Scrolls
 e - a scroll of fog {unknown}
 f - 9 scrolls of identify
 g - 2 scrolls of amnesia {unknown}
 o - 2 scrolls of teleportation {unknown}
 p - 2 scrolls of enchant weapon {unknown}
 u - a scroll of remove curse {unknown}
Potions
 j - 2 potions of lignification {unknown}
 n - 2 potions of mutation {unknown}
 q - a potion of flight {unknown}
 s - a potion of agility {unknown}
 t - a potion of brilliance {unknown}
Comestibles
 c - 5 rations


   Skills:
 + Level 0.2 Armour
 * Level 4.1 Dodging
 - Level 2.4 Stealth
 * Level 7.0 Spellcasting
 + Level 5.6 Summonings


You had 6 spell levels left.
You knew the following spells:

 Your Spells              Type           Power        Failure   Level  Hunger
a - Summon Small Mammal   Summ           ####         1%          1    None
b - Call Imp              Summ           ####....     2%          2    None
c - Call Canine Familiar  Summ           ####....     5%          3    #......
d - Summon Ice Beast      Ice/Summ       ###.....     50%         4    ###....
e - Summon Guardian Gole  Hex/Summ       ###.....     17%         3    #......

Your spell library contained the following spells:

 Spells                   Type           Power        Failure   Level  Hunger
 Summon Lightning Spire   Summ/Air       ###.....     50%         4    ###....


Dungeon Overview and Level Annotations

Branches:
Dungeon (5/15)             Temple (1/1) D:4

Altars:
Ashenzari
Cheibriados
Dithmenos
Elyvilon
Fedhas
Gozag
Hepliaklqana
Kikubaaqudgha
Makhleb
Nemelex Xobeh
Okawaru
Qazlal
Ru
Sif Muna
Trog
Uskayaw
Vehumet
Wu Jian
Xom
Yredelemnul
The Shining One


Message History

Your hound bites something.
Something hits you. Something shocks you.
Your hound barely misses something.
Your hound closely misses something.
Your hound misses something.
Your hound closely misses something.
A sky beast appears from thin air!
Reactivating autopickup.
Your hound barely misses the sky beast.
Your hound misses the sky beast.
Your hound barely misses the sky beast.
Your hound closely misses the sky beast.
The sky beast hits you. The sky beast shocks you.
* * * LOW HITPOINT WARNING * * *
It was a potion of ambrosia.
You are confused.
You feel invigorated.
Your hound barely misses the sky beast.
The sky beast hits you.
* * * LOW HITPOINT WARNING * * *
The sky beast shocks you.
You die...

...........##.####.##.#
#.##.......#..........#
#.......##..####....#
#..#.............##.#
#..#.##.##..###..##.#
#.......##..###..##.#
##................#.#
#.##....Yh.........###
#. #...@#..#.........##
.. #.......#.#........#
.........#..#.#........#
......>.......≈######.#
.......<............#5#
........##.#.#..#.#.#.#
.#......#..#.#..#.#...#
#......#..#.#..#.#####
#.............#


You could see a sky beast and a friendly hound.

Vanquished Creatures (collateral kills)
  An eye of draining (D:3)
  Blork the orc (D:5)
  A scorpion (D:4)
  A howler monkey (D:4)
  4 orc priests
  4 orc wizards
  A hound skeleton (D:4)
  A gnoll (D:3)
  7 adders
  2 adder skeletons (D:4)
  2 worms (D:2)
  3 leopard geckos
  17 orcs
  A ball python (D:3)
  A giant cockroach (D:3)
  7 goblins
  11 hobgoblins
  2 quokkas (D:3)
  7 bats
  3 frilled lizards
  9 kobolds
  4 rats
90 creatures vanquished.

Notes
Turn   | Place    | Note
-------+----------+-------------------------------------------
     0 | D:1      | Foic the Deep Elf Summoner began the quest for the Orb.
     0 | D:1      | Reached XP level 1. HP: 10/10 MP: 6/6
   327 | D:1      | Reached XP level 2. HP: 15/15 MP: 5/8
   338 | D:1      | Learned a level 2 spell: Call Imp
  1565 | D:2      | Reached skill level 4 in Spellcasting
  1579 | D:2      | Reached XP level 3. HP: 19/19 MP: 3/10
  1695 | D:2      | Learned a level 3 spell: Call Canine Familiar
  2025 | D:3      | Reached skill level 5 in Summonings
  2493 | D:3      | Reached XP level 4. HP: 24/24 MP: 9/12
  2499 | D:3      | Learned a level 4 spell: Summon Ice Beast
  2544 | D:3      | Reached skill level 5 in Spellcasting
  2785 | D:3      | Found a bloodstained altar of Trog.
  2785 | D:3      | Noticed an eye of draining
  2902 | D:3      | Killed an eye of draining
  2902 | D:3      | Reached XP level 5. HP: 28/28 MP: 1/15
  3265 | D:4      | Reached skill level 6 in Spellcasting
  3572 | D:4      | Reached XP level 6. HP: 29/32 MP: 14/17
  3729 | D:4      | Found a staircase to the Ecumenical Temple.
  3738 | Temple   | Entered the Ecumenical Temple
  3802 | Temple   | Became a worshipper of Sif Muna the Loreminder
  3828 | D:4      | Learned a level 3 spell: Summon Guardian Golem
  4232 | D:5      | Entered Level 5 of the Dungeon
  4242 | D:5      | Noticed Blork the orc
  4260 | D:5      | Killed Blork the orc
  4260 | D:5      | Reached skill level 7 in Spellcasting
  4345 | D:5      | Noticed a sky beast
  4377 | D:5      | Slain by a sky beast

Skill      XL: |  1  2  3  4  5  6 |
---------------+-------------------+-----
Spellcasting   | 4 5 6 7 |  7.0
Summonings     | 5 |  5.6
Dodging        | 3 4 |  4.1
Armour         | |  0.2
Stealth        | |  2.4

Action                   |  1- 3 |  4- 6 || total
-------------------------+-------+-------++-------
 Cast: Summon Small Mamm |    51 |     7 ||    58
       Call Imp          |    22 |    23 ||    45
       Call Canine Famil |     6 |    16 ||    22
  Use: Potion            |       |     3 ||     3
       Scroll            |       |     1 ||     1
  Eat: Chunk             |     5 |     5 ||    10
Armor: Robe              |     9 |       ||     9
       Leather armour    |       |     9 ||     9
Dodge: Dodged            |    28 |    18 ||    46
